 Dungeon Crawl Stone Soup version 0.28-a0-97-g102d6777a4 (webtiles) character file.

Game seed: 6090380153879436404

12013 senseless the Grappler (level 11, -8/111 HPs)
             Began as a Troll Berserker on Aug 9, 2021.
             Was the Champion of Trog.
             Mangled by a cyan ugly thing (14 damage)
             ... on level 11 of the Dungeon.
             The game lasted 00:32:31 (8126 turns).

senseless the Grappler (Troll Berserker)            Turns: 8126, Time: 00:32:31

Health: -8/111     AC: 11    Str: 36    XL:     11   Next: 56%
Magic:  10/10      EV: 11    Int:  9    God:    Trog [******]
Gold:   354        SH:  5    Dex:  9    Spells: 10/10 levels left

rFire   . . .      SeeInvis .     - Unarmed
rCold   . . .      Faith    .   (no shield)
rNeg    . . .      Spirit   .   y - +3 troll leather armour
rPois   .          Reflect  +   (helmet restricted)
rElec   .          Harm     .   a - +1 cloak
rCorr   .          Rampage  .   (gloves unavailable)
Will    .....                   (boots unavailable)
Stlth   ++........              o - amulet of reflection
HPRegen 2.28/turn               d - +6 ring of intelligence
MPRegen 0.12/turn               D - +6 ring of strength

@: on berserk cooldown, slowed, very slow
A: large, unfitting armour, claws 3, regeneration 1, shaggy fur 1, tough skin 1
a: Renounce Religion, Berserk, Trog's Hand, Brothers in Arms


You were on level 11 of the Dungeon.
You worshipped Trog.
Trog was exalted by your worship.
You visited 1 branch of the dungeon, and saw 11 of its levels.
You also visited: Ossuary.

You collected 879 gold pieces.
You spent 525 gold pieces at shops.

Inventory:

Hand Weapons
 i - a +4 scythe of protection
Missiles
 g - 7 atropa-tipped darts
 s - 3 throwing nets
 E - 13 silver boomerangs
Armour
 a - a +1 cloak (worn)
 q - a +2 robe of fire resistance
 y - a +3 troll leather armour (worn)
 C - +0 acid dragon scales
Jewellery
 b - a ring of ice
 d - a +6 ring of intelligence (left claw)
 o - an amulet of reflection (around neck)
 D - a +6 ring of strength (right claw)
Wands
 j - a wand of polymorph (18)
 k - a wand of flame (3) (quivered)
 u - a wand of charming (12)
 w - a wand of digging (4)
 F - a wand of mindburst (4)
 G - a wand of iceblast (24)
Scrolls
 e - 4 scrolls of teleportation
 m - 2 scrolls of immolation
 n - 2 scrolls of blinking
 p - 3 scrolls of magic mapping
 B - a scroll of summoning
 J - a scroll of silence
Potions
 c - 2 potions of invisibility
 f - 2 potions of lignification
 h - 3 potions of berserk rage
 l - 3 potions of might
 r - 5 potions of heal wounds
 t - 4 potions of flight
 v - a potion of mutation
 x - a potion of cancellation
 z - a potion of haste {unknown}
 A - a potion of resistance {unknown}
 H - a potion of brilliance {unknown}
Miscellaneous
 I - a phantom mirror


   Skills:
 * Level 8.1 Fighting
 * Level 8.3 Dodging
 + Level 3.7 Stealth
 * Level 10.4 Unarmed Combat
 + Level 4.5 Evocations


You had 10 spell levels left.
You didn't know any spells.
Your spell library contained the following spells:

 Spells                   Type           Power      Damage    Failure   Level
 Magic Dart               Conj           0%         1d3       41%         1
 Shock                    Conj/Air       0%         1d3       41%         1
 Sting                    Tmut/Pois      0%         1d3       41%         1
 Call Imp                 Summ           0%         N/A       56%         2
 Poisonous Vapours        Pois/Air       0%         N/A       56%         2
 Static Discharge         Conj/Air       0%         N/A       56%         2
 Gell's Gravitas          Tloc           0%         N/A       80%         3
 Lesser Beckoning         Tloc           0%         N/A       80%         3
 Mephitic Cloud           Conj/Pois/Air  0%         N/A       80%         3
 Swiftness                Air            0%         N/A       80%         3
 Teleport Other           Tloc           0%         N/A       80%         3
 Airstrike                Air            0%         N/A       99%         4
 Olgreb's Toxic Radiance  Pois           0%         N/A       99%         4
 Summon Lightning Spire   Summ/Air       0%         N/A       99%         4
 Blade Hands              Tmut           0%         N/A       100%        5
 Irradiate                Conj/Tmut      0%         3d13      100%        5
 Lightning Bolt           Conj/Air       0%         1d11      100%        5
 Dragon Form              Tmut           0%         N/A       100%        7
 Maxwell's Capacitive Co  Air            0%         ∞         100%        8


Dungeon Overview and Level Annotations

Branches:
Dungeon (11/15)            Temple (0/1) D:6            Lair (0/6) D:9
    Orc (0/2) D:9         Ossuary (visited)

Altars:
Elyvilon
Uskayaw
Beogh

Shops:
D:8 (   D:10 *

Portals:
Trove: D:10 (give +6 demon blade)


Innate Abilities, Weirdness & Mutations

You are too large for most types of armour.
You have claws for hands.
Your natural rate of healing is unusually fast.
You are covered in fur. (AC +1)
You have tough skin. (AC +1)


Message History

The cyan ugly thing is lightly wounded.
The cyan ugly thing pecks you but does no damage.
You closely miss the cyan ugly thing.
The cyan ugly thing is lightly wounded.
The cyan ugly thing misses you.
You mangle the cyan ugly thing!! Your claw misses the cyan ugly thing.
The cyan ugly thing is heavily wounded.
The cyan ugly thing closely misses you.
You scratch the cyan ugly thing but do no damage.
The cyan ugly thing is heavily wounded.
The cyan ugly thing pecks you but does no damage.
The cyan ugly thing closely misses you.
You scratch the cyan ugly thing.
The cyan ugly thing is severely wounded.
The cyan ugly thing pecks you. The cyan ugly thing shocks you!
You scratch the cyan ugly thing but do no damage.
The cyan ugly thing is severely wounded.
The cyan ugly thing barely misses you.
You mangle the cyan ugly thing!!
The cyan ugly thing is almost dead.
The cyan ugly thing pecks you. The cyan ugly thing shocks you!
You are too injured to fight recklessly!
You are too injured to fight recklessly!
You closely miss the cyan ugly thing.
The cyan ugly thing is almost dead.
The cyan ugly thing pecks you. The cyan ugly thing shocks you!
* * * LOW HITPOINT WARNING * * *
You scratch the cyan ugly thing.
The cyan ugly thing is almost dead.
The cyan ugly thing pecks you but does no damage.
The cyan ugly thing pecks you.
* * * LOW HITPOINT WARNING * * *
The cyan ugly thing shocks you!
* * * LOW HITPOINT WARNING * * *
You scratch the cyan ugly thing.
The cyan ugly thing is almost dead.
The cyan ugly thing pecks you!
* * * LOW HITPOINT WARNING * * *
The cyan ugly thing shocks you!
You die...

....#. ...## .#
.......... . ....###.#.)
.......... .##.........>
.......#..#. ...........
....[......###.(........
........#....#..........
................†.......
...#.....#..#...†.......
...#.#...#.....†@u......
.##..#.#...#...)))......
.......#..........!.....
..##......#.............
................##.#....
...##..#.#.......#.#....
....†.........^#.... ...
.##....#.#..##.# ##. ..
...^.#..........


You could see a cyan ugly thing.

Vanquished Creatures
  Harold (D:7)
  A boulder beetle (D:7)
  Pikel (D:8)
  An ugly thing (D:11)
  2 cyclopes (D:11)
  Maggie (D:8)
  2 trolls
  2 hornets
  A shadow (D:9)
  15 yaks
  Sigmund (D:3)
  A wraith (D:9)
  A steam dragon (D:8)
  6 orc warriors
  An ice beast (D:4)
  2 sky beasts
  2 ogres
  5 centaurs
  2 phantoms
  2 kobold brigands
  4 bullfrogs
  A scorpion (D:5)
  A wyvern zombie (D:6)
  2 water moccasin zombies
  A water moccasin skeleton (D:4)
  15 killer bees
  9 wights
  3 howler monkeys
  2 bullfrog zombies (D:5)
  3 centaur zombies
  4 hounds
  8 orc priests
  2 gnoll shamans
  A centaur skeleton (D:6)
  Jessica (D:2)
  Ijyb (D:3)
  2 iguanas
  11 orc wizards
  Natasha (thrice) (D:3)
  3 killer bee zombies
  8 mummies (Ossuary)
  3 howler monkey zombies
  14 gnolls
  4 adders
  A howler monkey skeleton (D:7)
  An ufetubus (D:4)
  2 adder skeletons (D:4)
  A worm (D:3)
  3 dart slugs
  53 orcs
  5 ball pythons
  6 bats
  7 endoplasms
  2 giant cockroaches (D:2)
  2 gnoll zombies (Ossuary)
  9 goblins
  7 hobgoblins
  6 quokkas
  3 frilled lizards
  A hobgoblin zombie (Ossuary)
  8 kobolds
  3 kobold zombies (Ossuary)
  2 orc zombies (Ossuary)
  4 rats
282 creatures vanquished.

Notes
Turn   | Place    | Note
-------+----------+-------------------------------------------
     0 | D:1      | senseless the Troll Berserker began the quest for the Orb.
     0 | D:1      | Reached XP level 1. HP: 22/22 MP: 0/0
   312 | D:1      | Reached XP level 2. HP: 29/29 MP: 1/1
   851 | D:2      | Reached XP level 3. HP: 36/36 MP: 2/2
  1065 | D:2      | Reached ** piety under Trog
  1082 | D:2      | Noticed Jessica
  1083 | D:2      | Found a white marble altar of Elyvilon.
  1096 | D:2      | Killed Jessica
  1097 | D:2      | Reached skill level 4 in Unarmed Combat
  1097 | D:2      | Reached XP level 4. HP: 32/44 MP: 3/3
  1426 | D:3      | Noticed Natasha
  1433 | D:3      | Killed Natasha
  1452 | D:3      | Noticed Sigmund
  1459 | D:3      | Killed Sigmund
  1460 | D:3      | Reached skill level 5 in Unarmed Combat
  1460 | D:3      | Reached XP level 5. HP: 53/53 MP: 4/4
  1476 | D:3      | Reached XP level 6. HP: 60/61 MP: 5/5
  1508 | D:3      | Noticed Natasha
  1514 | D:3      | Killed Natasha
  1643 | D:3      | Noticed Natasha
  1654 | D:3      | Killed Natasha
  1865 | D:3      | Noticed a +0 hand axe
  1865 | D:3      | Noticed a +0 hand axe
  1866 | D:3      | Found a hide-covered altar of Uskayaw.
  1880 | D:3      | Noticed Ijyb
  1892 | D:3      | Killed Ijyb
  2398 | D:4      | Reached *** piety under Trog
  2490 | D:4      | Reached XP level 7. HP: 67/67 MP: 6/6
  2493 | D:4      | Reached skill level 6 in Unarmed Combat
  2614 | D:4      | Reached skill level 1 in Stealth
  2728 | D:4      | Found a sand-covered staircase.
  2737 | Ossuary  | Entered an ossuary
  2852 | Ossuary  | Reached skill level 1 in Evocations
  3235 | D:5      | Entered Level 5 of the Dungeon
  3311 | D:5      | Reached XP level 8. HP: 78/78 MP: 7/7
  3416 | D:5      | Reached **** piety under Trog
  3425 | D:5      | Reached skill level 7 in Unarmed Combat
  3714 | D:5      | Reached skill level 5 in Dodging
  3886 | D:6      | Reached skill level 5 in Fighting
  4096 | D:6      | Found a staircase to the Ecumenical Temple.
  4135 | D:6      | Reached XP level 9. HP: 85/88 MP: 8/8
  4707 | D:7      | Noticed Harold
  4717 | D:7      | Killed Harold
  4718 | D:7      | Reached skill level 8 in Unarmed Combat
  4873 | D:7      | Noticed a boulder beetle
  4885 | D:7      | Killed a boulder beetle
  4886 | D:7      | Reached XP level 10. HP: 100/100 MP: 9/9
  5264 | D:8      | Noticed Pikel
  5280 | D:8      | Killed Pikel
  5359 | D:8      | Reached skill level 9 in Unarmed Combat
  5398 | D:8      | Paralysed by a hornet for 1 turns
  5430 | D:8      | Reached ***** piety under Trog
  5656 | D:8      | Found Rizxarux's Weapon Boutique.
  5880 | D:8      | Noticed Maggie
  5891 | D:8      | Killed Maggie
  6317 | D:9      | Found a staircase to the Orcish Mines.
  6394 | D:9      | Found a staircase to the Lair.
  6567 | D:9      | Reached XP level 11. HP: 97/109 MP: 10/10
  6951 | D:9      | Reached skill level 10 in Unarmed Combat
  7088 | D:9      | Identified the +4 ring mail "Raotuf" {rF- Str+5}
  7267 | D:10     | Entered Level 10 of the Dungeon
  7616 | D:10     | Found a portal to a secret trove of treasure.
  7833 | D:10     | Found Wiubobe's General Store.
  7842 | D:10     | Bought a potion of heal wounds for 70 gold pieces
  7842 | D:10     | Bought a wand of iceblast (8) for 168 gold pieces
  7842 | D:10     | Bought a scroll of silence for 105 gold pieces
  7842 | D:10     | Bought a wand of iceblast (7) for 154 gold pieces
  7842 | D:10     | Bought a scroll of identify for 28 gold pieces
  8057 | D:11     | Noticed a brown ugly thing
  8064 | D:11     | Killed a brown ugly thing
  8080 | D:11     | Reached ****** piety under Trog
  8108 | D:11     | Noticed a cyan ugly thing
  8126 | D:11     | Mangled by a cyan ugly thing

Illustrated notes

Levels and vault maps discovered:
D:1:      dpeg_arrival_tiny_c, layout_basic
D:2:      layout_loops_ring, basic_altar, uniq_jessica
D:3:      layout_loops_cross, dancing_weapons_uskayaw, item_on_display_a,
          uniq_sigmund, uniq_ijyb, uniq_natasha
D:4:      layout_gridville, nicolae_ossuary_entry_ruins,
          hangedman_decor_diamond_cutter
D:5:      layout_rooms
D:6:      layout_loops_ring, minmay_temple_entry_grid
D:7:      layout_basic, serial_glass, glass_columns_a, glass_columns_c,
          minmay_small_thing, uniq_harold
D:8:      layout_loops_ring, serial_shops, shop, hangedman_decor_growths,
          uniq_pikel, uniq_maggie
D:9:      layout_stronghold, lair_entry_dummy, david_orc_5
D:10:     layout_basic, nicolae_trove_entry_crossroad, serial_shops, shop
D:11:     layout_rooms, gammafunk_ghost_smash, grunt_ministairs_5,
          hangedman_decor_peaks_small

Skill      XL: |  1  2  3  4  5  6  7  8  9 10 11 |
---------------+----------------------------------+-----
Unarmed Combat | 4 5 6 7 8 9 10 | 10.4
Fighting       | 3 4 5 6 7 8 |  8.1
Dodging        | 3 4 5 6 7 8 |  8.3
Stealth        | 1 2 3 |  3.7
Evocations     | 1 2 3 4 |  4.5

Action                   |  1- 3 |  4- 6 |  7- 9 | 10-12 || total
-------------------------+-------+-------+-------+-------++-------
Melee: Unarmed           |    78 |   101 |   296 |   373 ||   848
       Punch             |     1 |     3 |    14 |    21 ||    39
Invok: Berserk           |     2 |     2 |     7 |     5 ||    16
Evoke: Wand              |       |     1 |    19 |     4 ||    24
  Use: Scroll            |       |     4 |    12 |     7 ||    23
 Stab: Sleeping          |       |       |     3 |     1 ||     4
       Distracted        |       |       |     1 |       ||     1
Armor: Animal skin       |    26 |    22 |    46 |       ||    94
       Robe              |       |       |    19 |     2 ||    21
       Troll leather arm |       |       |       |   101 ||   101
Dodge: Dodged            |    30 |    41 |   117 |   149 ||   337
Block: Other             |       |       |    28 |    72 ||   100
       Reflection        |       |       |       |     9 ||     9

Table legend: (Time is in decaauts)
 A = Elapsed time spent in this place.
 B = Non-inter-level travel time spent in this place.
 C = Inter-level travel time spent in this place.
 D = Time resting spent in this place.
 E = Time spent auto-exploring this place.
 F = Levels seen in this place.
 G = Mean time per level.
                   A        B        C        D        E       F      G
               +--------+--------+--------+--------+--------+-----+--------+
         Total |   8165 |   7685 |    480 |    501 |   5425 |  12 |  680.4 |
       Dungeon |   7851 |   7371 |    480 |    431 |   5302 |  11 |  713.7 |
       Ossuary |    313 |    313 |      0 |     70 |    123 |   1 |  313.0 |
               +--------+--------+--------+--------+--------+-----+--------+

Top non-repeatable levels by time:
     D:8: 1090 daAuts
     D:9: 1050 daAuts
     D:4: 812 daAuts
     D:1: 793 daAuts
     D:6: 752 daAuts
     D:3: 721 daAuts
     D:5: 684 daAuts
     D:7: 677 daAuts
     D:2: 621 daAuts
    D:10: 515 daAuts
 Ossuary: 313 daAuts
    D:11: 131 daAuts
